 Dungeon Crawl Stone Soup version 0.19.1-1-g22dce08 (webtiles) character file.

739 McKennaii the Magician (level 7, -65/43 HPs)
             Began as a High Elf Wizard on Jan 6, 2017.
             Killed from afar by a killer bee (69 damage)
             ... with an exploding inner flame
             ... hexed by the player character
             ... on level 5 of the Dungeon.
             The game lasted 00:43:44 (4849 turns).

McKennaii the Magician (High Elf Wizard)            Turns: 4849, Time: 00:43:45

Health: -65/43     AC:  4    Str:  7    XL:     7   Next: 46%
Magic:  10/18      EV: 13    Int: 23    God:
Gold:   194        SH:  0    Dex: 14    Spells: 7 memorised, 5 levels left

rFire  x . .     SeeInvis .     x - +2 trident (venom)
rCold  + . .     Gourm    .     a - +1 robe
rNeg   . . .     Faith    .     (no shield)
rPois  .         Spirit   .     b - +1 hat
rElec  .         Reflect  .     (no cloak)
rCorr  .         Harm     +     (no gloves)
MR     .....                    (no boots)
Stlth  ++........               h - amulet of harm
                                (no ring)
                                C - ring of ice

@: lethally poisoned (-65 -> -69)
A: no striking features
a: no special abilities


You were on level 5 of the Dungeon.
You were not hungry.

You visited 1 branch of the dungeon, and saw 5 of its levels.
You also visited: Sewer.

You collected 194 gold pieces.

Inventory:

Hand Weapons
 f - a +1 mace of holy wrath
 u - a +0 hand axe of chopping
 x - a +2 trident of venom (weapon)
Armour
 a - a +1 robe (worn)
 b - a +1 hat (worn)
 s - a +1 animal skin
Magical Staves
 D - an uncursed staff of poison
Jewellery
 e - an uncursed amulet of guardian spirit
 h - an amulet of harm (around neck)
 C - a ring of ice (left hand)
Wands
 l - a wand of lightning (11/15)
 y - a wand of acid (11/15)
 B - a wand of enslavement (6/24)
Scrolls
 i - 3 scrolls of remove curse
 n - a scroll of fog
 t - a scroll of amnesia {unknown}
 v - a scroll of random uselessness {unknown}
Potions
 g - 2 potions of flight
 j - a potion of magic
 k - a potion of agility {unknown}
 o - a potion of lignification {unknown}
 p - a potion of ambrosia {unknown}
 w - a potion of haste {unknown}
 z - a potion of might {unknown}
 A - a potion of berserk rage {unknown}
Books
 c - a book of Minor Magic

   Spells                             Type                      Level
   a - Magic Dart                     Conjuration                  1
   b - Blink                          Translocation                2
   c - Call Imp                       Summoning                    2
   d - Repel Missiles                 Charms/Air                   2
   e - Slow                           Hexes                        2
   f - Conjure Flame                  Conjuration/Fire             3
   g - Mephitic Cloud                 Conjuration/Poison/Air       3
Comestibles
 q - a meat ration


   Skills:
 + Level 1.4 Fighting
 + Level 0.1 Maces & Flails
 + Level 3.3 Dodging
 + Level 3.1 Stealth
 + Level 0.7 Unarmed Combat
 + Level 7.0 Spellcasting
 + Level 3.5 Conjurations
 + Level 0.6 Hexes
 + Level 3.1 Summonings
 + Level 1.1 Translocations


You had 5 spell levels left.
You knew the following spells:

 Your Spells              Type           Power        Failure   Level  Hunger
a - Magic Dart            Conj           ###.         1%          1    None
b - Call Imp              Summ           ###.....     3%          2    None
c - Blink                 Tloc           N/A          10%         2    None
d - Slow                  Hex            ##......     12%         2    None
e - Conjure Flame         Conj/Fire      ###.....     12%         3    None
f - Mephitic Cloud        Conj/Pois/Air  ##......     17%         3    None
g - Repel Missiles        Chrm/Air       #.....       14%         2    None


Dungeon Overview and Level Annotations

Branches:
Dungeon (5/15)
 Temple: D:4-7

Altars:
Cheibriados
Fedhas
Makhleb
Nemelex Xobeh
Xom
Yredelemnul
Zin


Message History

Casting: Call Imp
Confirm with . or Enter, or press ? or * to list all spells.
Okay, then.
Attack whom?
Press: ? - help, Dir - move target cursor, f - killer bee
Aim: a killer bee (moderately wounded, inner flame)
Okay, then.
Evoke which item? (* to show all) (? for menu, Esc to quit)
Zapping:
l - a wand of lightning {recharged} (will waste charges)
Press: ? - help, Shift-Dir - straight line, f - killer bee
Aim: a killer bee (moderately wounded, inner flame) Really fire in your shadow imp's direction?
Uppercase [Y]es or [N]o only, please.
Really fire in your shadow imp's direction?
You hear a mighty clap of thunder!
The bolt of lightning hits the killer bee.
The killer bee explodes!
The fiery explosion engulfs you! The fire burns you terribly!
Ouch! That really hurt!
You die...

.# #[...##.........#
.# #....##....)..).#
.# #....##.........#
##
#....##.....###.#####
#....##....>.........
#....##....†....#####
#######...§######
#§§§§# ##@### #.# #y#
#5######## #5..y.....
##########


You could see a killer bee (inner flame) and a friendly shadow imp.

Vanquished Creatures
  2 phantoms
  A howler monkey (D:5)
  A bullfrog skeleton (D:4)
  3 hounds
  An iguana (D:4)
  Natasha (D:4)
  A worker ant (D:4)
  2 hound skeletons
  5 adders
  A river rat (Sewer)
  A shadow imp (D:5)
  3 oozes
  2 worms
  A dart slug (D:3)
  4 leopard geckos
  4 orcs
  2 giant cockroaches
  13 goblins
  7 hobgoblins
  3 jackals
  9 kobolds
  2 quokkas (D:3)
  10 bats
  6 frilled lizards
  10 rats
95 creatures vanquished.

Vanquished Creatures (collateral kills)
  A big kobold (Sewer)
  A scorpion (D:5)
  A killer bee (D:5)
  A howler monkey (D:4)
  A hound (D:5)
  Natasha (D:4)
  Terence (D:3)
  Robin (D:3)
  3 adders
  3 worms
  2 orcs
  A giant cockroach (D:3)
  8 goblins
  3 jackals
  A quokka (D:2)
  A frilled lizard (D:2)
  4 kobolds (Sewer)
  2 rats
36 creatures vanquished.

Vanquished Creatures (others)
  An orc wizard (D:4)
  2 adders (D:4)
  3 orcs (D:4)
  A quokka (D:4)
7 creatures vanquished.

Grand Total: 138 creatures vanquished

Notes
Turn   | Place    | Note
-------+----------+-------------------------------------------
     0 | D:1      | McKennaii the High Elf Wizard began the quest for the Orb.
     0 | D:1      | Reached XP level 1. HP: 11/11 MP: 6/6
   261 | D:1      | Reached skill level 4 in Spellcasting
   325 | D:1      | Reached XP level 2. HP: 15/17 MP: 2/8
   329 | D:1      | Learned a level 2 spell: Call Imp
   332 | D:1      | Learned a level 2 spell: Blink
   335 | D:1      | Learned a level 2 spell: Slow
  1101 | D:1      | Reached XP level 3. HP: 17/21 MP: 5/10
  1241 | D:2      | Found a sparkling altar of Nemelex Xobeh.
  1417 | D:2      | Found a glowing silver altar of Zin.
  1435 | D:2      | Reached XP level 4. HP: 19/27 MP: 2/11
  1449 | D:2      | Found a burning altar of Makhleb.
  2095 | D:2      | Reached skill level 5 in Spellcasting
  2246 | D:3      | Found a basalt altar of Yredelemnul.
  2323 | D:3      | Found a glowing drain.
  2327 | Sewer    | Entered a sewer
  2365 | Sewer    | Reached skill level 1 in Summonings
  2402 | Sewer    | Noticed a big kobold
  2426 | Sewer    | Killed a big kobold
  2426 | Sewer    | Reached XP level 5. HP: 11/31 MP: 5/13
  2449 | Sewer    | Found a glowing silver altar of Zin.
  2703 | D:3      | Noticed Terence
  2724 | D:3      | Killed Terence
  2996 | D:3      | Noticed Robin
  3110 | D:3      | Killed Robin
  3377 | D:3      | Learned a level 3 spell: Conjure Flame
  3381 | D:3      | Learned a level 3 spell: Mephitic Cloud
  3384 | D:3      | Learned a level 2 spell: Repel Missiles
  3579 | D:4      | Reached XP level 6. HP: 37/37 MP: 8/15
  3584 | D:4      | Found a blossoming altar of Fedhas.
  3714 | D:4      | Reached skill level 6 in Spellcasting
  3770 | D:4      | Reached skill level 1 in Fighting
  3908 | D:4      | Found a shimmering altar of Xom.
  3931 | D:4      | Found a snail-covered altar of Cheibriados.
  4004 | D:4      | Noticed Natasha
  4014 | D:4      | Killed Natasha
  4021 | D:4      | Noticed Natasha
  4035 | D:4      | Killed Natasha
  4078 | D:4      | Reached XP level 7. HP: 42/43 MP: 6/17
  4270 | D:5      | Entered Level 5 of the Dungeon
  4812 | D:5      | Reached skill level 7 in Spellcasting
  4849 | D:5      | Killed from afar by a killer bee

Skill      XL: |  1  2  3  4  5  6  7 |
---------------+----------------------+-----
Spellcasting   | 4 5 6 7 |  7.0
Conjurations   | 2 3 |  3.5
Summonings     | 1 2 3 |  3.1
Stealth        | 3 |  3.1
Fighting       | 1 |  1.4
Dodging        | 3 |  3.3
Maces & Flails | |  0.1
Unarmed Combat | |  0.7
Hexes          | |  0.6
Translocations | |  1.1

Action                   |  1- 3 |  4- 6 |  7- 9 || total
-------------------------+-------+-------+-------++-------
Melee: Unarmed           |    24 |    22 |       ||    46
       Mace              |       |    13 |    13 ||    26
 Cast: Magic Dart        |    97 |   152 |    45 ||   294
       Call Imp          |     4 |    43 |    13 ||    60
       Slow              |       |       |     4 ||     4
  Use: Scroll            |     1 |     6 |     8 ||    15
       Potion            |       |     7 |     2 ||     9
 Stab: Distracted        |       |       |     1 ||     1
  Eat: Bread ration      |     1 |     1 |     1 ||     3
       Beef jerky        |       |     1 |       ||     1
Armor: Robe              |    14 |    22 |     4 ||    40
Dodge: Dodged            |    53 |    81 |    22 ||   156
